 Dungeon Sprint DCSS version 0.21.1-1-g345015f (webtiles) character file.

4000000 Fang the Sabretooth (level 19, -17/113 HPs)
             Began as a Felid Fighter on Apr 18, 2018.
             Was the Champion of Makhleb.
             Demolished by a large bag of meat
             ... wielding a +9 giant spiked club
              (27 damage)
             ... in the Dungeon (Sprint VIII: "Arena of Blood").
             The game lasted 00:00:43 (40 turns).

Fang the Sabretooth (Felid Fighter)                   Turns: 40, Time: 00:00:44

Health: -17/113    AC:  3    Str: 18    XL:     19   Next: 41%
Magic:  51/51      EV: 39    Int: 11    God:    Makhleb [******]
Gold:   0          SH:  0    Dex: 17    Spells: 72/72 levels left
                                        Lives:  0   Deaths: 2

rFire    . . .     SeeInvis +     - Unarmed
rCold    + . .     Gourm    .   (shield unavailable)
rNeg     . . .     Faith    .   (armour unavailable)
rPois    .         Spirit   .   (helmet unavailable)
rElec    .         Reflect  .   (cloak unavailable)
rCorr    .         Harm     .   (gloves unavailable)
MR       ++...     NoTele   +   (boots unavailable)
Stlth    +++++++++.             (no amulet)
HPRegen  0.28/turn              i - +27000 ring of slaying
MPRegen  0.32/turn              (no ring)

@: quick
A: very small, no armour, no weapons or thrown items, stealth, claws 1, fangs 3,
see invisible, carnivore, speed 1, shaggy fur 3, slow metabolism 1, sharp paws
a: Minor Destruction, Lesser Servant of Makhleb, Major Destruction, Greater
Servant of Makhleb, Renounce Religion


You were in the Dungeon.
You worshipped Makhleb.
Makhleb was exalted by your worship.
You were not hungry.

You visited 1 branch

Inventory:

Jewellery
 i - a +27000 ring of slaying (left paw)
Scrolls
 h - a scroll of blinking
Potions
 a - a potion of might
 c - a potion of curing
 d - a potion of heal wounds
 e - a potion of haste
 f - 2 potions of magic
 g - a potion of berserk rage
Comestibles
 b - a ration


   Skills:
 O Level 27 Fighting
 O Level 27 Dodging
 O Level 27 Stealth
 O Level 27 Unarmed Combat
 O Level 27 Spellcasting
 O Level 27 Invocations


You had 72 spell levels left.
You didn't know any spells.

Dungeon Overview and Level Annotations

Branches:
Dungeon (1/1)

Altars:
Makhleb

Annotations:
D The Servant


Innate Abilities, Weirdness & Mutations

You cannot wear armour.
You are incapable of wielding weapons or throwing items.
Your paws allow you to move quietly. (Stealth)
You have sharp claws.
You have razor-sharp teeth.
You have supernaturally acute eyesight. (SInv)
You are carnivorous and can eat meat at any time.
You cover ground quickly.
Your thick and shaggy fur keeps you warm. (AC +3, rC+)
You have a slow metabolism.
Your sharp claws are effective at attacking unaware monsters.


Message History

The eight-headed meat hydra convulses!
The bag of meat convulses!
The large bag of meat convulses!
The bag of meat convulses! x2
Your body is wracked with pain!
* * * LOW HITPOINT WARNING * * *
The meat berserker convulses!
You hear a shout! x2
An orc and an ogre come into view.
Things that are here:
a +9 great sword of slicing; a +200 ring of slaying The bag of meat shouts! x3; You hear a shout! x4
The eight-headed meat hydra calls on the powers of darkness!
The eight-headed meat hydra convulses!
The meat berserker convulses!
The bag of meat convulses!
Your body is wracked with pain!
* * * LOW HITPOINT WARNING * * *
You hear a shout!
An orc and a skeletal warrior come into view.
A destroyer comes into view.
It is wielding a +9 great sword of slicing.
You hear a shout! x5
The large bag of meat hits you with a +9 giant spiked club!!
You die...

#o......# #... #.o..Dz.#
.....o..o
o...###%......###..Oooooo
.........###.........OOVo
.#......§O§...........oo..
.......#o§§..#O.....o#.#..
....oo.#§.o%_#.......o..
....V.§#oooO.#......#.#.#.
.#....)oo@_..oo@.)........
VO....)o)###D.O......#.#.
....###))oo..o###.........
... #o......#........... .
#.......#...........
....................
...V.........#...#...
.............#....#...
............## ...o# o.


You could see The Servant, 2 eight-headed meat hydras, a destroyer (wandering),
a sculptor of flesh, 2 large bags of meat, 4 meat berserkers and 18 bags of
meat.

Vanquished Creatures
  A vampire knight (D)
  6 ogres (D)
  A two-headed ogre (D)
  16 orcs (D)
24 creatures vanquished.

Notes
Turn   | Place    | Note
-------+----------+-------------------------------------------
     0 | D        | Fang the Felid Fighter began the quest for the Orb.
     0 | D        | Reached XP level 1. HP: 10/10 MP: 2/2
     3 | D        | Became a worshipper of Makhleb the Destroyer
     4 | D        | Noticed a bag of meat
     4 | D        | Noticed a bag of meat
     5 | D        | Noticed a bag of meat
     5 | D        | Noticed a bag of meat
     5 | D        | Noticed a bag of meat
     6 | D        | Killed a bag of meat
     6 | D        | Reached XP level 2. HP: 24/24 MP: 3/3
     6 | D        | Reached XP level 3. HP: 28/28 MP: 4/4
     6 | D        | Reached XP level 4. HP: 32/32 MP: 5/5
     6 | D        | Reached XP level 5. HP: 36/36 MP: 6/6
     6 | D        | Gained mutation: You are covered in thick fur. (AC +2) [Felid growth]
     6 | D        | Reached XP level 6. HP: 40/40 MP: 7/7
     6 | D        | Reached XP level 7. HP: 43/43 MP: 8/8
     6 | D        | Reached XP level 8. HP: 48/48 MP: 9/9
     6 | D        | Reached XP level 9. HP: 51/51 MP: 10/10
     6 | D        | Reached XP level 10. HP: 55/55 MP: 11/11
     6 | D        | Reached XP level 11. HP: 59/59 MP: 12/12
     7 | D        | Noticed a bag of meat
     7 | D        | Noticed a meat berserker
     8 | D        | Noticed a meat berserker
     8 | D        | Noticed a bag of meat
     8 | D        | Noticed a bag of meat
     8 | D        | Noticed a bag of meat
     9 | D        | Killed a bag of meat
     9 | D        | Reached * piety under Makhleb
     9 | D        | Reached skill level 15 in Fighting
     9 | D        | Gained mutation: Your thick and shaggy fur keeps you warm. (AC +3, rC+) [Felid growth]
     9 | D        | Reached XP level 12. HP: 66/66 MP: 13/13
    10 | D        | Killed a bag of meat
    10 | D        | Reached XP level 13. HP: 72/72 MP: 14/14
    11 | D        | Noticed a meat berserker
    11 | D        | Killed a bag of meat
    11 | D        | Reached skill level 27 in Unarmed Combat
    11 | D        | Reached XP level 14. HP: 78/78 MP: 15/15
    12 | D        | Noticed a bag of meat
    12 | D        | Killed a bag of meat
    12 | D        | Reached ** piety under Makhleb
    13 | D        | Noticed a bag of meat
    13 | D        | Killed a meat berserker
    13 | D        | Reached skill level 27 in Dodging
    13 | D        | Reached XP level 15. HP: 91/91 MP: 16/16
    14 | D        | Noticed a meat berserker
    14 | D        | Killed a meat berserker
    14 | D        | Reached skill level 27 in Fighting
    14 | D        | Reached XP level 16. HP: 100/100 MP: 17/17
    15 | D        | Reached *** piety under Makhleb
    17 | D        | Noticed a meat berserker
    18 | D        | Noticed a meat berserker
    18 | D        | Reached skill level 15 in Spellcasting
    18 | D        | Reached XP level 17. HP: 104/104 MP: 17/37
    19 | D        | Killed a meat berserker
    19 | D        | Reached **** piety under Makhleb
    20 | D        | Reached skill level 27 in Stealth
    21 | D        | Killed a meat berserker
    21 | D        | Reached XP level 18. HP: 109/109 MP: 17/45
    22 | D        | Killed a meat berserker
    23 | D        | Noticed a destroyer
    23 | D        | Reached ***** piety under Makhleb
    23 | D        | Reached skill level 27 in Invocations
    23 | D        | Reached XP level 19. HP: 113/113 MP: 18/50
    24 | D        | Reached skill level 27 in Spellcasting
    25 | D        | Killed a meat berserker
    25 | D        | Noticed a large bag of meat
    26 | D        | Noticed a destroyer
    28 | D        | Reached XP level 20. HP: 118/118 MP: 18/52
    29 | D        | Noticed a large bag of meat
    29 | D        | Noticed a large bag of meat
    32 | D        | Noticed a destroyer
    32 | D        | Noticed an eight-headed meat hydra
    32 | D        | Noticed The Servant
    32 | D        | Annihilated by a large bag of meat
    33 | D        | Reached XP level 19. HP: -49/113 MP: 19/51
    33 | D        | Noticed an eight-headed meat hydra
    34 | D        | Noticed a meat berserker
    35 | D        | Killed a large bag of meat
    35 | D        | HP: 5/113 [large bag of meat/exploding inner flame (27)]
    35 | D        | Reached ****** piety under Makhleb
    35 | D        | Engulfed by a cloud of flame
    36 | D        | Reached XP level 18. HP: -5/109 MP: 50/50
    36 | D        | Noticed a destroyer
    37 | D        | Killed a destroyer
    37 | D        | Reached XP level 19. HP: 113/113 MP: 51/51
    38 | D        | Noticed a meat berserker
    38 | D        | Noticed a meat berserker
    39 | D        | Noticed a meat berserker
    40 | D        | Noticed a destroyer
    40 | D        | Demolished by a large bag of meat

Skill      XL: |  1  2  3  4  5  6  7  8  9 10 11 12 13 14 15 16 17 18 19 |
---------------+----------------------------------------------------------+-----
Fighting       | 13 15 17 18 24 27 | 27.0
Dodging        | 16 18 20 22 27 | 27.0
Unarmed Combat | 21 24 25 27 | 27.0
Stealth        | 22 27 | 27.0
Spellcasting   | 15 22 26 27 | 27.0
Invocations    | 16 23 27 | 27.0

Action                   |  1- 3 |  4- 6 |  7- 9 | 10-12 | 13-15 | 16-18 | 19-21 || total
-------------------------+-------+-------+-------+-------+-------+-------+-------++-------
Melee: Unarmed           |     1 |       |       |     2 |     4 |     9 |     8 ||    24
Dodge: Dodged            |       |       |       |     1 |     2 |     1 |     6 ||    10
